 Dungeon Crawl Stone Soup version 0.29-a0-664-gff9cad4a3d (webtiles) character file.

Game seed: 222306133517020929

154 mcbry74 the Bolt Thrower (level 5, -1/30 HPs)
             Began as a Kobold Hunter on June 22, 2022.
             Slain by an orc
             ... wielding a +0 club
              (6 damage)
             ... on level 3 of the Dungeon.
             The game lasted 00:11:07 (3032 turns).

mcbry74 the Bolt Thrower (Kobold Hunter)            Turns: 3032, Time: 00:11:08

Health: -1/30      AC:  3    Str:  9    XL:     5   Next: 63%
Magic:  5/5        EV: 14    Int: 10    God:
Gold:   147        SH:  0    Dex: 20    Spells: 4/4 levels left

rFire   . . .      SeeInvis .   b - +1 dagger (speed)
rCold   . . .      Faith    .   (no shield)
rNeg    . . .      Spirit   .   i - +0 leather armour
rPois   .          Reflect  .   (no helmet)
rElec   .          Harm     .   (no cloak)
rCorr   .          Rampage  .   (no gloves)
Will    .....                   (no boots)
Stlth   ++++......              (no amulet)
HPRegen 0.10/turn               (no ring)
MPRegen 0.09/turn               (no ring)

@: slowed, very slow
A: small, no large weapons, nightstalker 3
a: no special abilities


You were on level 3 of the Dungeon.
You visited 1 branch of the dungeon, and saw 3 of its levels.

You collected 147 gold pieces.

Inventory:

Hand Weapons
 a - a +1 hand crossbow
 b - a +1 dagger of speed (weapon)
 k - a +3 short sword
Missiles
 d - 24 stones (quivered)
 m - a throwing net
 o - 5 datura-tipped darts
Armour
 i - a +0 leather armour (worn)
Jewellery
 h - a ring of protection from fire
Scrolls
 c - a scroll of immolation
 e - a scroll of vulnerability {unknown}
 f - 2 scrolls of poison {unknown}
 l - 2 scrolls of identify {unknown}
 n - a scroll of fog {unknown}
 q - a scroll of teleportation {unknown}
Potions
 g - 3 potions of heal wounds {unknown}
 j - a potion of attraction {unknown}
 p - a potion of brilliance {unknown}


   Skills:
 - Level 2.1 Fighting
 + Level 2.9 Short Blades
 + Level 6.7 Crossbows
 + Level 1.1 Throwing
 - Level 2.4 Dodging
 + Level 4.1 Stealth


You had 4 spell levels left.
You didn't know any spells.
Your spell library was empty.

Dungeon Overview and Level Annotations

Branches:
Dungeon (3/15)

Altars:

Annotations:
D:2 1 runed translucent door, Crazy Yiuf


Innate Abilities, Weirdness & Mutations

You are small and have problems with some larger weapons.
You are completely attuned to the shadows.


Message History

Natasha barely misses you.
You barely miss Natasha.
Natasha is heavily wounded.
You hit Natasha but do no damage.
Natasha is heavily wounded.
Natasha barely misses you.
You hit Natasha.
Natasha is almost dead.
Natasha claws you but does no damage.
You closely miss Natasha.
Natasha is almost dead.
Natasha claws you.
You hit Natasha.
You kill Natasha!
Natasha screams in pain as she dies!
Your Throwing skill increases to level 1!
Your Stealth skill increases to level 4!
The ball python attacks as you move away!
The ball python completely misses you. The ball python closely misses you.
The ball python grabs you. The ball python constricts you.
You escape the ball python's grasp.
You hit the ball python.
The ball python is moderately wounded.
The ball python barely misses you. x2
You hit the ball python.
You kill the ball python!
You hit the orc but do no damage. The orc barely misses you.
The orc attacks as you move away! The orc closely misses you. x2
Things that are here:
a +0 flail; a +0 chain mail You closely miss the orc.
The orc hits you with a +0 dagger. The orc attacks as you move away!
The orc misses you. The orc barely misses you.
You closely miss the orc. The orc attacks as you move away!
The orc closely misses you. The orc attacks as you move away!
The orc hits you with a +0 club.
* * * LOW HITPOINT WARNING * * *
The orc hits you with a +0 club.
You die...

##### #.#.#####
#.o...... #.#o.....
..# #.#@##### #.#
#)#.# #.#
#.#.##########.###.
#.#.#..............
#.#.#.########.#####
#.#.#.# #......
#.#.#.# #######
#.#.#.##
#####.#....#


You could see 2 orcs.

Vanquished Creatures
  Natasha (D:3)
  Terence (D:2)
  3 adders
  2 dart slugs
  3 worms
  2 orcs (D:3)
  5 ball pythons
  5 bats
  8 endoplasms
  3 giant cockroaches
  4 goblins
  3 hobgoblins
  4 jackals (D:2)
  6 kobolds
  A quokka (D:2)
  2 frilled lizards
  5 rats
58 creatures vanquished.

Vanquished Creatures (others)
  A fungus (D:2)
1 creature vanquished.

Grand Total: 59 creatures vanquished

Notes
Turn   | Place    | Note
-------+----------+-------------------------------------------
     0 | D:1      | mcbry74 the Kobold Hunter began the quest for the Orb.
     0 | D:1      | Reached XP level 1. HP: 12/12 MP: 1/1
   121 | D:1      | Reached XP level 2. HP: 16/17 MP: 2/2
   562 | D:1      | Found a faded altar of an unknown god.
   846 | D:2      | Reached skill level 6 in Crossbows
   846 | D:2      | Reached XP level 3. HP: 18/21 MP: 3/3
   920 | D:2      | Noticed Terence
   967 | D:2      | Killed Terence
   968 | D:2      | Reached skill level 1 in Short Blades
   968 | D:2      | Reached XP level 4. HP: 6/26 MP: 4/4
  1653 | D:2      | Found a runed translucent door.
  1656 | D:2      | Noticed Crazy Yiuf
  2505 | D:3      | Reached XP level 5. HP: 28/30 MP: 5/5
  2996 | D:3      | Noticed Natasha
  3018 | D:3      | Killed Natasha
  3019 | D:3      | Reached skill level 1 in Throwing
  3032 | D:3      | Slain by an orc

Illustrated notes

Levels and vault maps discovered:
D:1:      lightli_arrival_lavapool, layout_loops_ring,
          dreamdust_ecumenical_altar_statues, kennysheep_minor_cross
D:2:      layout_loops_corners, uniq_terence, uniq_crazy_yiuf_cottage
D:3:      layout_basic, uniq_natasha

Skill      XL: |  1  2  3  4  5 |
---------------+----------------+-----
Stealth        | 2 3 4 |  4.1
Crossbows      | 6 |  6.7
Short Blades   | 1 2 |  2.9
Throwing       | 1 |  1.1
Fighting       | |  2.1
Dodging        | |  2.4

Action                   |  1- 3 |  4- 6 || total
-------------------------+-------+-------++-------
Melee: Dagger            |    32 |    73 ||   105
       Punch             |       |     1 ||     1
 Fire: Hand crossbow     |    14 |    24 ||    38
Throw: Dart              |     6 |       ||     6
       Stone             |     4 |       ||     4
 Stab: Sleeping          |     4 |    11 ||    15
       Distracted        |       |     1 ||     1
Armor: Leather armour    |     2 |     6 ||     8
Dodge: Dodged            |    13 |    36 ||    49

Table legend: (Time is in decaauts)
 A = Elapsed time spent in this place.
 B = Non-inter-level travel time spent in this place.
 C = Inter-level travel time spent in this place.
 D = Time resting spent in this place.
 E = Time spent auto-exploring this place.
 F = Levels seen in this place.
 G = Mean time per level.
                   A        B        C        D        E       F      G
               +--------+--------+--------+--------+--------+-----+--------+
         Total |   3000 |   2934 |     66 |    544 |   1827 |   3 | 1000.0 |
       Dungeon |   3000 |   2934 |     66 |    544 |   1827 |   3 | 1000.0 |
               +--------+--------+--------+--------+--------+-----+--------+

Top non-repeatable levels by time:
     D:2: 1394 daAuts
     D:1: 816 daAuts
     D:3: 789 daAuts
